 Dungeon Crawl Stone Soup version 0.20-b1-2-gc5a9893 (webtiles) character file.

12280 KeyserSoze the Fighter (level 11, -7/107 HPs)
             Began as a Minotaur Fighter on May 22, 2017.
             Was a High Priest of Okawaru.
             Shot with a bolt by a naga sharpshooter (27 damage)
             ... on level 1 of the Snake Pit.
             The game lasted 00:48:06 (12876 turns).

KeyserSoze the Fighter (Minotaur Fighter)          Turns: 12876, Time: 00:48:06

Health: -7/107     AC: 20    Str: 22    XL:     11   Next: 60%
Magic:  8/10       EV: 17    Int:  5    God:    Okawaru [*****.]
Gold:   310        SH: 14    Dex: 17    Spells: 10/10 levels left

rFire    x . .     SeeInvis .   b - +0 flail (drain)
rCold    + . .     Gourm    .   c - +0 shield
rNeg     . . .     Faith    .   p - +1 plate armour
rPois    .         Spirit   .   (helmet restricted)
rElec    .         Reflect  .   (no cloak)
rCorr    .         Harm     .   l - +0 pair of gloves
MR       +....                  (no boots)
Stlth    ..........             (no amulet)
Regen    0.3/turn               q - ring of protection from magic
MPRegen  0.2/turn               h - ring of ice

@: agile, lethally poisoned (-7 -> -14), heroism
A: retaliatory headbutt, horns 2
a: Heroism, Finesse, Renounce Religion


You were on level 1 of the Snake Pit.
You worshipped Okawaru.
Okawaru was extremely pleased with you.
You were not hungry.

You visited 4 branches of the dungeon, and saw 14 of its levels.

You collected 620 gold pieces.
You spent 310 gold pieces at shops.

Inventory:

Hand Weapons
 a - a +1 war axe
 b - a +0 flail of draining (weapon)
 K - a +0 great sword of holy wrath
 M - a +0 rapier of venom
Missiles
 N - 8 javelins of penetration (quivered)
Armour
 c - a +0 shield (worn)
 l - a +0 pair of gloves (worn)
 p - a +1 plate armour (worn)
Jewellery
 h - a ring of ice (right hand)
 q - a ring of protection from magic (left hand)
 E - an uncursed ring of resist corrosion
Wands
 t - a wand of clouds (3/9)
 v - a wand of flame (23/48)
 w - a wand of random effects (37/48)
 y - a wand of polymorph (13/24)
 z - a wand of random effects (22/48)
 I - a wand of acid (4/15)
 J - a wand of polymorph (9/24)
 O - a wand of paralysis (7/24)
Scrolls
 e - 3 scrolls of teleportation
 g - 6 scrolls of remove curse
 i - 5 scrolls of identify
 j - 5 scrolls of blinking
 x - a scroll of fear
 B - 2 scrolls of recharging
Potions
 d - a potion of might
 k - a potion of haste
 n - a potion of cancellation
 o - 3 potions of lignification
 r - 2 potions of mutation
 s - 7 potions of curing
 A - a potion of agility
 G - 3 potions of heal wounds
 H - a potion of berserk rage
Books
 u - a Young Poisoner's Handbook

   Spells                             Type                      Level
   a - Sting                          Conjuration/Poison           1
   b - Poisonous Vapours              Poison/Air                   2
   c - Mephitic Cloud                 Conjuration/Poison/Air       3
   d - Olgreb's Toxic Radiance        Poison                       4
   e - Venom Bolt                     Conjuration/Poison           5
 F - a book of Conjurations

   Spells                             Type                      Level
   a - Magic Dart                     Conjuration                  1
   b - Searing Ray                    Conjuration                  2
   c - Dazzling Spray                 Conjuration/Hexes            3
   d - Fulminant Prism                Conjuration/Hexes            4
   e - Force Lance                    Conjuration/Translocation    4
   f - Iskenderun's Mystic Blast      Conjuration                  4
 L - a book of Enchantments

   Spells                             Type                      Level
   a - Cause Fear                     Hexes                        4
   b - Yara's Violent Unravelling     Hexes/Transmutation          5
   c - Silence                        Hexes/Air                    5
   d - Deflect Missiles               Charms/Air                   6
   e - Discord                        Hexes                        8
Comestibles
 f - 5 bread rations
 m - 6 meat rations
 C - a royal jelly
 D - 5 fruits


   Skills:
 + Level 13.6(18.6) Fighting
 - Level 1.7(6.7) Long Blades
 - Level 2.5(11.3) Axes
 + Level 9.1(14.3) Maces & Flails
 + Level 11.8(16.8) Armour
 - Level 2.9(7.9) Dodging
 + Level 9.8(14.8) Shields


You had 10 spell levels left.
You didn't know any spells.

Dungeon Overview and Level Annotations

Branches:
Dungeon (10/15)            Temple (1/1) D:6            Lair (2/6) D:10
  Snake (1/4) Lair:2
  Swamp: Lair:2-4    Shoals: Lair:2-4       Orc: D:9-12

Altars:
Ashenzari
Cheibriados
Gozag
Hepliaklqana
Makhleb
Nemelex Xobeh
Okawaru
Qazlal
Ru
Sif Muna
Trog
Uskayaw
Vehumet
Xom
Yredelemnul
Zin

Shops:
D:8 !

Annotations:
Lair:1 exclusion: oklob plant


Innate Abilities, Weirdness & Mutations

You reflexively headbutt those who attack you in melee.
You have a pair of horns on your head.


Message History

The naga sharpshooter gestures wildly while chanting.
The naga sharpshooter magically shoots a bolt.
You block the bolt.
The naga sharpshooter shoots a bolt.
The bolt completely misses you.
You feel sick. You block the naga's attack.
The naga sharpshooter mumbles some strange words.
The naga sharpshooter magically shoots a bolt.
The bolt hits you!
Items here: (( )) [ 2 bolts; an uncursed shortbow; an uncursed trident; 23 arrows; a robe You sock the naga sharpshooter!
You headbutt the naga sharpshooter, but do no damage.
The naga sharpshooter is lightly wounded.
The naga sharpshooter shoots a bolt.
The bolt hits you!
* * * LOW HITPOINT WARNING * * *
The naga completely misses you.
The naga sharpshooter mumbles some strange words.
The naga sharpshooter magically shoots a bolt.
The bolt hits you!!
You die...

#.##########.#
######.# #(#
.......# ###(#
......## ..#.#
#####..# #.#(#
...# #.#.# .#....
#N#.#
#.##..#####.#N#?##
. ..#......N@((#
.# #.#.###$#.#.(#
......# #.#..#.#
#.##. .# . .. .# .
## .# #. .#


You could see 2 naga sharpshooters and a naga.

Vanquished Creatures
  A hydra (Lair:2)
  A centaur warrior (D:9)
  A two-headed ogre (D:9)
  A naga sharpshooter (Snake:1)
  Pikel (D:6)
  A salamander (Snake:1)
  A black mamba (Lair:1)
  2 komodo dragons (Lair:2)
  A rime drake (Lair:2)
  A troll (D:10)
  3 blink frogs (Lair:1)
  A dream sheep (D:9)
  5 hippogriffs
  7 yaks
  2 hungry ghosts
  Eustachio (D:6)
  The ghost of Monsterracer the Cudgeler, an amateur GrGl (D:4)
  5 water moccasins
  3 porcupines (Lair:2)
  Duvessa (D:6)
  2 ice beasts
  2 orc warriors
  3 sky beasts
  A hornet zombie (D:6)
  3 phantoms
  3 ogres
  3 centaurs
  6 crocodiles
  2 big kobolds
  4 bullfrogs
  Dowan (D:6)
  4 scorpions
  2 howler monkeys
  A bullfrog zombie (D:10)
  A centaur zombie (D:8)
  2 crimson imps
  A quasit (D:8)
  2 jellies
  5 hounds
  2 orc priests
  3 orc wizards
  3 iguanas
  Ijyb (D:5)
  5 worker ants
  A killer bee zombie (D:6)
  2 hound skeletons
  A worker ant zombie (D:8)
  10 adders
  6 gnolls (D:5)
  A shadow imp (D:8)
  An ooze (D:1)
  An adder zombie (D:6)
  2 worms
  A dart slug (D:2)
  2 leopard geckos
  34 orcs
  A ball python (D:1)
  9 bats
  7 giant cockroaches
  10 goblins
  8 hobgoblins
  7 jackals
  19 kobolds
  4 quokkas
  6 frilled lizards
  2 leopard gecko skeletons
  A quokka zombie (D:5)
  7 rats
  3 fungi (Lair:2)
248 creatures vanquished.

Vanquished Creatures (others)
  4 dream sheep (D:9)
  4 slaves (D:6)
  An orc (D:6)
  9 fungi
  3 plants
21 creatures vanquished.

Grand Total: 269 creatures vanquished

Notes
Turn   | Place    | Note
-------+----------+-------------------------------------------
     0 | D:1      | KeyserSoze the Minotaur Fighter began the quest for the Orb.
     0 | D:1      | Reached XP level 1. HP: 19/19 MP: 0/0
   129 | D:1      | Reached XP level 2. HP: 27/27 MP: 1/1
   432 | D:1      | Reached skill level 4 in Fighting
   525 | D:1      | Reached XP level 3. HP: 27/34 MP: 2/2
   949 | D:2      | Reached skill level 5 in Fighting
  1175 | D:2      | Reached XP level 4. HP: 31/42 MP: 3/3
  1430 | D:2      | Found a snail-covered altar of Cheibriados.
  1897 | D:3      | Reached skill level 6 in Fighting
  2272 | D:3      | Reached skill level 7 in Fighting
  2272 | D:3      | Reached XP level 5. HP: 36/52 MP: 4/4
  3385 | D:4      | Reached XP level 6. HP: 60/61 MP: 5/5
  3398 | D:4      | Found a deep blue altar of Sif Muna.
  3401 | D:4      | Noticed Monsterracer's ghost (amateur GrGl)
  3417 | D:4      | Killed Monsterracer's ghost
  3417 | D:4      | Reached skill level 8 in Fighting
  3418 | D:4      | Found a hazy altar of Hepliaklqana.
  3420 | D:4      | Found a burning altar of Makhleb.
  4302 | D:5      | Entered Level 5 of the Dungeon
  4493 | D:5      | Noticed Ijyb
  4501 | D:5      | Reached skill level 9 in Fighting
  4525 | D:5      | Killed Ijyb
  4525 | D:5      | Reached XP level 7. HP: 21/70 MP: 6/6
  4851 | D:5      | Reached skill level 10 in Fighting
  5231 | D:6      | Found an opulent altar of Gozag.
  5235 | D:6      | Noticed Pikel
  5249 | D:6      | Noticed Duvessa
  5250 | D:6      | Noticed Dowan
  5256 | D:6      | Killed Pikel
  5256 | D:6      | Reached skill level 11 in Fighting
  5256 | D:6      | Reached skill level 1 in Maces & Flails
  5256 | D:6      | Reached skill level 5 in Armour
  5256 | D:6      | Reached XP level 8. HP: 54/82 MP: 7/7
  5266 | D:6      | Killed Duvessa
  5269 | D:6      | Killed Dowan
  5475 | D:6      | Found a staircase to the Ecumenical Temple.
  5481 | Temple   | Entered the Ecumenical Temple
  5501 | Temple   | Became a worshipper of Warmaster Okawaru
  5597 | D:6      | Noticed Eustachio
  5612 | D:6      | Killed Eustachio
  5790 | D:6      | Reached skill level 12 in Fighting
  5905 | D:7      | Paralysed by fainting for 11 turns
  5923 | D:6      | Reached XP level 9. HP: 68/90 MP: 8/8
  6245 | D:7      | Reached * piety under Okawaru
  7150 | D:8      | Reached skill level 1 in Dodging
  7206 | D:8      | Reached skill level 5 in Shields
  7468 | D:8      | Reached ** piety under Okawaru
  7468 | D:8      | Reached skill level 1 in Long Blades
  7921 | D:8      | Found Xyopuvel's Distillery.
  7928 | D:8      | Bought a potion of heal wounds for 50 gold pieces
  7928 | D:8      | Bought a potion of curing for 30 gold pieces
  7928 | D:8      | Bought a potion of curing for 30 gold pieces
  7928 | D:8      | Bought a potion of lignification for 30 gold pieces
  7928 | D:8      | Bought a potion of heal wounds for 50 gold pieces
  7928 | D:8      | Bought a potion of mutation for 80 gold pieces
  7928 | D:8      | Bought a potion of agility for 40 gold pieces
  8095 | D:9      | Found a shimmering altar of Xom.
  8406 | D:9      | Reached XP level 10. HP: 92/99 MP: 9/9
  9055 | D:9      | Noticed a centaur warrior
  9069 | D:9      | Killed a centaur warrior
  9069 | D:9      | Reached *** piety under Okawaru
  9069 | D:9      | Reached skill level 5 in Maces & Flails
  9069 | D:9      | Reached skill level 10 in Armour
  9127 | D:9      | Noticed a two-headed ogre
  9135 | D:9      | Killed a two-headed ogre
  9549 | D:10     | Entered Level 10 of the Dungeon
  9579 | D:10     | Found a staircase to the Lair.
  9588 | D:10     | Reached **** piety under Okawaru
  9780 | D:10     | Reached skill level 13 in Fighting
  9848 | Lair:1   | Entered Level 1 of the Lair of Beasts
 10379 | Lair:1   | Found a bloodstained altar of Trog.
 10383 | Lair:1   | Noticed an oklob plant
 10452 | Lair:1   | Reached ***** piety under Okawaru
 10452 | Lair:1   | Reached XP level 11. HP: 19/107 MP: 10/10
 11515 | Lair:2   | Noticed a seven-headed hydra
 11532 | Lair:2   | Killed a seven-headed hydra
 11860 | Lair:2   | Found a staircase to the Snake Pit.
 11973 | Lair:2   | Received a gift from Okawaru
 12713 | Snake:1  | Entered Level 1 of the Snake Pit
 12855 | Snake:1  | Noticed a naga sharpshooter
 12860 | Snake:1  | Noticed a naga sharpshooter
 12867 | Snake:1  | Noticed a naga sharpshooter
 12874 | Snake:1  | Killed a naga sharpshooter
 12876 | Snake:1  | Shot with a bolt by a naga sharpshooter

Skill      XL: |  1  2  3  4  5  6  7  8  9 10 11 |
---------------+----------------------------------+-----
Shields        | 4 6 8 9 |  9.8
Fighting       | 4 5 7 9 11 12 13 | 13.6
Armour         | 5 7 9 10 11 | 11.8
Maces & Flails | 1 3 4 7 9 |  9.1
Dodging        | 2 |  2.9
Long Blades    | 1 |  1.7
Axes           | |  2.5

Action                   |  1- 3 |  4- 6 |  7- 9 | 10-12 || total
-------------------------+-------+-------+-------+-------++-------
Melee: War axe           |   105 |   151 |    38 |       ||   294
       Headbutt          |    20 |    27 |    71 |    71 ||   189
       Flail             |       |       |   262 |   343 ||   605
       Great sword       |       |       |    20 |       ||    20
Invok: Heroism           |       |       |       |     1 ||     1
  Use: Scroll            |       |    16 |     2 |     7 ||    25
       Potion            |       |       |     1 |     6 ||     7
  Eat: Chunk             |     1 |     4 |     9 |     2 ||    16
       Bread ration      |       |     2 |     1 |     3 ||     6
       Royal jelly       |       |       |     2 |       ||     2
       Fruit             |       |       |     1 |     1 ||     2
Armor: Scale mail        |    66 |    49 |       |       ||   115
       Plate armour      |       |    33 |   251 |   228 ||   512
Dodge: Dodged            |    48 |    46 |    83 |   122 ||   299
Block: Shield            |    80 |    95 |   195 |   287 ||   657
       Rpst.: Great sword |       |       |     2 |       ||     2
